[Event "Titled Tuesday Blitz April 12 Early 2022"]
[White "Maevsky, Nikolay"]
[Black "Omariev, Maksim"]
[WhiteFideId "4198220"]
[BlackFideId "4193423"]
[WhiteElo "2126"]
[BlackElo "2498"]
[Result "1-0"]
[Round "10"]
[TimeControl "180+1"]
[Date "2022.04.13"]
[WhiteClock "0:00:05"]
[BlackClock "0:00:02"]

1. d4 h5 2. e4 h4 3. h3 c6 4. c4 d6 5. Nc3 e5 6. Nf3 Nd7 7. Be2 Be7 8. Be3 Bf6 9. d5 c5 10. a3 Ne7 11. Qd2 Ng6 12. b4 Nf4 13. Bxf4 exf4 14. Rc1 g5 15. Nb5 Qb6 16. O-O a6 17. bxc5 Nxc5 18. Nbd4 Nxe4 19. Qc2 Nc5 20. Rb1 Qa5 21. Nf5 Qc7 22. N3d4 O-O 23. Rfe1 Bxf5 24. Nxf5 Rfe8 25. Bh5 Rxe1+ 26. Rxe1 Rf8 27. Nh6+ Kg7 28. Nf5+ Kh8 29. Bd1 Be5 30. Qe2 f6 31. Bc2 Qf7 32. Qg4 b5 33. Nh6 f5 34. Qxg5 Qf6 35. Qh5 Kg7 36. Nxf5+ Kg8 37. Qg4+ Kf7 38. Qh5+ Kg8 39. Nxh4 Qg7 40. Nf5 Qf6 41. Qg4+ Kf7 42. Qh5+ Kg8 43. Bb1 bxc4 44. Nh6+ Kg7 45. Ng4 Qe7 46. Qh7# 1-0


[Site "https://www.chess.com"]

[Event "Titled Tuesday Blitz April 12 Early 2022"]
[White "Maltsevskaya, Aleksandra"]
[Black "Zemlyanskii, Ivan"]
[WhiteFideId "24174041"]
[BlackFideId "24249971"]
[WhiteElo "2235"]
[BlackElo "1759"]
[Result "0-1"]
[Round "10"]
[TimeControl "180+1"]
[Date "2022.04.12"]
[WhiteClock "0:00:01"]
[BlackClock "0:00:06"]

1. e4 c5 2. Nf3 d6 3. d4 cxd4 4. Nxd4 Nf6 5. Nc3 a6 6. h3 e5 7. Nde2 h5 8. g3 Be7 9. Bg2 b5 10. O-O Bb7 11. a4 b4 12. Nd5 Nxd5 13. exd5 Nd7 14. Bd2 a5 15. c3 Qb6 16. cxb4 axb4 17. Qb3 Ba6 18. Rfe1 Nc5 19. Qe3 Qb7 20. Nc1 Rc8 21. Nb3 Nd3 22. Reb1 Bd8 23. a5 O-O 24. Be4 Nc5 25. Nxc5 Rxc5 26. Qf3 g6 27. Bh6 Re8 28. Rc1 Rxc1+ 29. Rxc1 f5 30. Bb1 e4 31. Qf4 Qxd5 32. Bc2 b3 33. Rd1 Qf7 34. Bxb3 Qxb3 35. Rxd6 Qb5 36. Rxg6+ Kf7 37. Rg7+ Ke6 38. Kh2 Bf6 39. Rg6 Kf7 40. Rxf6+ Kxf6 41. Qg5+ Ke5 42. Qxh5 Re6 43. Bg7+ Kd5 44. Qf7 Qc6 45. h4 e3 46. fxe3 Qc2+ 47. Kg1 Qd1+ 48. Kh2 Qe2+ 49. Kh3 Qf1+ 50. Kh2 Qf2+ 51. Kh1 Qxe3 52. Qd7+ Rd6 53. Qf7+ Kc6 54. Qe8+ Qxe8 0-1


[Site "https://www.chess.com"]

[Event "Titled Tuesday Blitz April 12 Early 2022"]
[White "Manolache, Marius"]
[Black "Shimanov, Aleksandr"]
[WhiteFideId "1201530"]
[BlackFideId "4198603"]
[WhiteElo "2364"]
[BlackElo "2636"]
[Result "0-1"]
[Round "10"]
[TimeControl "180+1"]
[Date "2022.04.12"]
[WhiteClock "0:00:08"]
[BlackClock "0:00:09"]

1. d4 Nf6 2. Bf4 g6 3. Nc3 d5 4. Nb5 Na6 5. e3 Bg7 6. h3 O-O 7. Nc3 c5 8. Nf3 b6 9. Ne5 Bb7 10. Be2 Nc7 11. O-O Ne6 12. Bh2 Rc8 13. a4 a6 14. Re1 Nd7 15. Bf3 Nf6 16. a5 b5 17. Ne2 Ne4 18. c3 N6g5 19. Nd3 Nxf3+ 20. gxf3 Ng5 21. Nef4 c4 22. h4 cxd3 23. hxg5 e5 24. Nxd3 Qxg5+ 25. Kh1 exd4 26. cxd4 Qf5 27. Qe2 Rfe8 28. Ne5 Rc2 29. e4 Rxe2 30. exf5 Rxf2 31. f6 Bf8 32. Ng4 Rfe2 33. Be5 Rxe1+ 34. Rxe1 h5 35. Ne3 Rc8 36. Kg2 Bb4 37. Re2 Bxa5 38. f4 Bb6 39. Kg3 Kh7 40. Kh4 Rc1 41. Rc2 Rxc2 42. Nxc2 a5 43. Kg5 b4 44. b3 Bc6 45. f5 gxf5 46. Kxh5 Bb5 47. Ne3 f4 48. Nxd5 f3 49. Ne3 f2 50. Kg4 f1=Q 51. Nxf1 Bxf1 52. d5 Bb5 53. d6 Bd7+ 54. Kf4 Kg6 55. Ke4 Bd8 56. Kd5 Bxf6 57. Bf4 Bd8 58. Be3 Kf5 59. Bc5 Kg4 60. Bd4 f5 61. Ke5 f4 62. Bc5 f3 63. Bf2 Bh4 0-1


[Site "https://www.chess.com"]

[Event "Titled Tuesday Blitz April 12 Early 2022"]
[White "Manukian, Artak"]
[Black "Nugumanov, Bakhtiyar"]
[WhiteFideId "13301373"]
[BlackFideId "13701797"]
[WhiteElo "2344"]
[BlackElo "2262"]
[Result "1-0"]
[Round "10"]
[TimeControl "180+1"]
[Date "2022.04.13"]
[WhiteClock "0:00:12"]
[BlackClock "0:00:05"]

1. e4 c6 2. d4 d5 3. e5 c5 4. dxc5 e6 5. a3 Bxc5 6. b4 Bb6 7. c4 dxc4 8. Qxd8+ Bxd8 9. Bxc4 Nc6 10. Bb2 Nge7 11. Nf3 Bc7 12. O-O O-O 13. Nbd2 Ng6 14. Rfe1 b6 15. Rac1 a6 16. Bxe6 Ncxe5 17. Bd5 Nxf3+ 18. Nxf3 Ra7 19. g3 Bg4 20. Nd4 Rd8 21. Nc6 Rxd5 22. Nxa7 Bd6 23. Re4 f5 24. Rd4 Rxd4 25. Bxd4 Kf7 26. Bxb6 f4 27. Nc6 Ke6 28. h3 Bxh3 29. Nd4+ Kd5 30. Ne2 fxg3 31. fxg3 Bg4 32. Rd1+ Kc6 33. Kf2 Ne5 34. Bc5 Bc7 35. Nf4 Nc4 36. Rc1 Nxa3 37. Bf8+ Kb7 38. Bxg7 h5 39. Nd5 Nb5 40. Bf6 Bb6+ 41. Nxb6 Kxb6 42. Rc5 Na3 43. Ke3 Nb5 44. Kd2 Nd6 45. Ke3 Nf5+ 46. Kf4 Nd6 47. Re5 Nc4 48. Bd8+ Kc6 49. Rc5+ Kd7 50. Rxc4 Kxd8 51. Rc6 Be2 52. Ke5 Kd7 53. Rd6+ Kc7 54. Rh6 Kb7 55. Kd4 Bg4 56. Kc5 Be2 57. Rh7+ Kc8 58. Kb6 Kd8 59. Ra7 Ke8 60. Rxa6 Ke7 61. Ra7+ Kf6 62. b5 Kg5 63. Kc5 Kg4 64. Rg7+ Kh3 65. b6 Bg4 66. b7 Kxg3 67. b8=Q+ Kf3 68. Qf8+ Ke2 69. Qf4 Kd1 70. Rxg4 h4 71. Qf2 Kc1 72. Rg1# 1-0


[Site "https://www.chess.com"]

[Event "Titled Tuesday Blitz April 12 Early 2022"]
[White "Martinez Alcantara, Jose Eduardo"]
[Black "Nogerbek, Kazybek"]
[WhiteFideId "3805662"]
[BlackFideId "13710427"]
[WhiteElo "2690"]
[BlackElo "2466"]
[Result "1-0"]
[Round "10"]
[TimeControl "180+1"]
[Date "2022.04.12"]
[WhiteClock "0:00:57"]
[BlackClock "0:02:01"]

1. e4 e5 2. Nf3 Nc6 3. Bb5 a6 4. Ba4 Nf6 5. d3 d6 6. c3 Bd7 7. Nbd2 g6 8. Nf1 Bg7 9. Ng3 O-O 10. h4 Bg4 11. Bg5 h6 12. Be3 d5 13. Bc2 d4 14. Bd2 Qd7 15. Qc1 Bxf3 16. gxf3 h5 17. Rg1 Kh7 18. Ke2 b5 19. Bb3 dxc3 20. bxc3 1-0


[Site "https://www.chess.com"]

[Event "Titled Tuesday Blitz April 12 Early 2022"]
[White "Mekhitarian, Krikor Sevag"]
[Black "Csonka, Balazs"]
[WhiteFideId "2107660"]
[BlackFideId "742910"]
[WhiteElo "2598"]
[BlackElo "2404"]
[Result "0-1"]
[Round "10"]
[TimeControl "180+1"]
[Date "2022.04.12"]
[WhiteClock "0:00:04"]
[BlackClock "0:00:05"]

1. Nf3 e6 2. c4 d5 3. e3 Nf6 4. Nc3 c6 5. b3 Bd6 6. Bb2 O-O 7. Qc2 e5 8. cxd5 cxd5 9. Nb5 Nc6 10. Nxd6 Qxd6 11. d4 Ne4 12. a3 exd4 13. Nxd4 Nxd4 14. Bxd4 Bf5 15. Qb2 Qg6 16. f3 Ng5 17. Rd1 Rfc8 18. Rd2 Ne6 19. Be5 Nc5 20. Kf2 Bd3 21. Bc3 Bxf1 22. Kxf1 Rc6 23. h4 h5 24. Rh3 Rac8 25. Rc2 Nd3 26. Qa1 Nf4 27. exf4 Qxc2 28. Be1 Rg6 29. Rg3 Rxg3 30. Bxg3 Qc1+ 31. Qxc1 Rxc1+ 32. Be1 Rc2 33. a4 d4 34. Bb4 d3 35. Ke1 f5 36. a5 Rxg2 37. Bc5 a6 38. Kd1 Rc2 39. Be3 g6 40. b4 Kf7 0-1


[Site "https://www.chess.com"]

[Event "Titled Tuesday Blitz April 12 Early 2022"]
[White "Melikhov, Evgeny V."]
[Black "Zavgorodniy, Sergiy"]
[WhiteFideId "4122046"]
[BlackFideId "14110148"]
[WhiteElo "1931"]
[BlackElo "2420"]
[Result "0-1"]
[Round "10"]
[TimeControl "180+1"]
[Date "2022.04.13"]
[WhiteClock "0:00:10"]
[BlackClock "0:00:05"]

1. d4 Nf6 2. c4 e6 3. Nc3 Bb4 4. Qc2 Nc6 5. Nf3 d6 6. a3 Bxc3+ 7. Qxc3 O-O 8. e3 Qe7 9. b3 e5 10. dxe5 dxe5 11. Bb2 Re8 12. Be2 Bg4 13. O-O e4 14. Nd4 Nxd4 15. Bxg4 Nxg4 16. Qxd4 Qg5 17. h3 Nh6 18. Qd5 Nf5 19. f4 Qg6 20. Rfe1 Rad8 21. Qa5 b6 22. Qc3 Rd3 23. Qc2 Red8 24. Rad1 Rxd1 25. Rxd1 Rxd1+ 26. Qxd1 Qxg2+ 27. Kxg2 Nxe3+ 28. Kg3 Nxd1 29. Be5 c6 30. b4 Ne3 31. b5 c5 32. Bb8 Nxc4 33. a4 Nb2 34. a5 bxa5 35. Bxa7 Nc4 36. Bxc5 a4 37. b6 Na5 38. f5 Nb7 39. Bb4 g6 40. f6 g5 41. Kf2 h5 42. Ke3 Kh7 43. Kxe4 Kg6 44. Be7 h4 45. Kf3 Kf5 46. Ke3 g4 47. hxg4+ Kxg4 48. Kf2 Kf4 49. Kg2 Kg4 50. Kh2 Kf5 51. Kh3 Ke6 52. Kxh4 Kd5 53. Kh5 Nd6 54. Bxd6 Kxd6 55. Kh6 a3 56. Kg7 a2 57. Kxf7 a1=Q 58. Kg7 Qg1+ 59. Kf8 Ke6 60. b7 Qc5+ 61. Ke8 Qb5+ 62. Kd8 Qxb7 63. f7 Qd7# 0-1


[Site "https://www.chess.com"]

[Event "Titled Tuesday Blitz April 12 Early 2022"]
[White "Migot, Tangi"]
[Black "Bintang, Rasyid A. Hidayat"]
[WhiteFideId "662445"]
[BlackFideId "7105355"]
[WhiteElo "2533"]
[BlackElo "2414"]
[Result "1/2-1/2"]
[Round "10"]
[TimeControl "180+1"]
[Date "2022.04.13"]
[WhiteClock "0:00:12"]
[BlackClock "0:00:26"]

1. Nf3 g6 2. c4 Bg7 3. d4 Nf6 4. Nc3 d5 5. e3 O-O 6. Bd2 c5 7. dxc5 Qa5 8. Nxd5 Qxc5 9. Bc3 Nxd5 10. Qxd5 Bxc3+ 11. bxc3 Qc7 12. Rd1 Nc6 13. Nd4 Rd8 14. Qb5 a6 15. Qb1 Qa5 16. Qb3 Bd7 17. Be2 e5 18. Nxc6 Bxc6 19. O-O Qc5 20. Qb4 b6 21. Qxc5 bxc5 22. Rxd8+ Rxd8 23. Rd1 Rxd1+ 24. Bxd1 f6 25. f4 Kf7 26. Kf2 Ke6 27. Bg4+ Kd6 28. Bc8 a5 29. Ba6 Be4 30. a3 Bd3 31. Bb5 Be4 32. h4 h6 33. g3 Bb7 34. Be8 g5 35. Bf7 Be4 36. Ke2 Bf5 37. Bd5 Bb1 38. Kf3 Bf5 39. fxg5 fxg5 40. hxg5 hxg5 41. Bg8 Ke7 42. Bd5 Kf6 43. Bc6 Bc8 44. Be4 Be6 45. Bd5 Bf5 46. Kf2 Bd3 47. Kf3 Bf5 1/2-1/2


[Site "https://www.chess.com"]

[Event "Titled Tuesday Blitz April 12 Early 2022"]
[White "Mika, Tomasz"]
[Black "Vusatiuk, Vladimir"]
[WhiteFideId "1132970"]
[BlackFideId "14118610"]
[WhiteElo "2116"]
[BlackElo "2157"]
[Result "1-0"]
[Round "10"]
[TimeControl "180+1"]
[Date "2022.04.13"]
[WhiteClock "0:00:14"]
[BlackClock "0:00:11"]

1. d4 Nf6 2. Nf3 e6 3. g3 c5 4. Bg2 d5 5. O-O Nc6 6. c4 dxc4 7. Ne5 Nxe5 8. dxe5 Qxd1 9. Rxd1 Nd5 10. Na3 Bd7 11. Nxc4 b6 12. Ne3 Nxe3 13. Bxe3 Rc8 14. a4 Bc6 15. Bxc6+ Rxc6 16. a5 b5 17. a6 f6 18. Ra5 Rb6 19. b4 fxe5 20. bxc5 Rb8 21. c6 Bb4 22. Ra2 O-O 23. Bxa7 Ra8 24. Bb6 Bc3 25. c7 b4 26. Rd8 b3 27. Ra3 b2 28. Rb3 Kf7 29. Rxf8+ Kxf8 30. e3 Ke8 31. Kf1 Kd7 32. a7 e4 33. Ke2 Ba5 34. Bxa5 Rxa7 35. Bb6 Ra2 36. Kd1 Ra1+ 37. Kc2 b1=Q+ 38. Rxb1 Ra2+ 39. Rb2 Ra3 40. Kd2 Kc8 41. Ke2 Rd3 42. Rc2 Rd5 43. Bd4 e5 44. Bb2 Rb5 45. Ba3 Rb3 46. Be7 Rb5 47. Bd8 g6 48. Rd2 Rc5 49. h3 Rc4 50. h4 Rc3 51. Rb2 Rxc7 52. Bxc7 Kxc7 53. Rc2+ Kd7 54. Rd2+ Ke6 55. Rd1 Kf5 56. Re1 Kg4 57. Rf1 Kh3 58. Rc1 Kg2 59. Rc7 h5 60. Rg7 g5 61. hxg5 h4 62. gxh4 Kh3 63. h5 Kh4 64. h6 Kg4 65. h7 Kf5 66. h8=Q Ke6 67. Qf8 Kd5 68. Re7 Kc6 69. g6 Kc5 70. g7 Kd6 1-0


[Site "https://www.chess.com"]

[Event "Titled Tuesday Blitz April 12 Early 2022"]
[White "Mikhalsky, Vladimir"]
[Black "Sapunov, Evgeny"]
[WhiteFideId "14144352"]
[BlackFideId "4126661"]
[WhiteElo "2301"]
[BlackElo "2470"]
[Result "0-1"]
[Round "10"]
[TimeControl "180+1"]
[Date "2022.04.13"]
[WhiteClock "0:00:05"]
[BlackClock "0:01:21"]

1. c4 Nf6 2. Nc3 g6 3. e4 d6 4. d4 Bg7 5. f3 O-O 6. Be3 Nc6 7. Nge2 a6 8. Rb1 Bd7 9. b4 e5 10. d5 Ne7 11. c5 Nh5 12. g4 Nf4 13. Nxf4 exf4 14. Bd4 g5 15. h4 h6 16. hxg5 hxg5 17. Bxg7 Kxg7 18. Ne2 Ng6 19. Nd4 Qf6 20. Kf2 Rh8 21. Bg2 Rxh1 22. Bxh1 Rh8 23. Kg1 Ne5 24. Rc1 Qh6 25. Bg2 Qh2+ 26. Kf1 Bb5+ 27. Nxb5 axb5 28. cxd6 cxd6 29. Rc2 Qg3 30. Qe1 Ra8 31. Qxg3 fxg3 32. Rc7 Rxa2 33. Rxb7 Nd3 34. Rxb5 Ra1+ 35. Ke2 Nf4+ 36. Kd2 Nxg2 37. Rb7 Nf4 38. e5 g2 0-1


[Site "https://www.chess.com"]

[Event "Titled Tuesday Blitz April 12 Early 2022"]
[White "Nakamura, Hikaru"]
[Black "Jobava, Baadur"]
[WhiteFideId "2016192"]
[BlackFideId "13601520"]
[WhiteElo "2850"]
[BlackElo "2617"]
[Result "1-0"]
[Round "10"]
[TimeControl "180+1"]
[Date "2022.04.12"]
[WhiteClock "0:00:10"]
[BlackClock "0:00:16"]

1. Nf3 Nf6 2. b3 b6 3. g3 Bb7 4. Bb2 Bxf3 5. exf3 c5 6. Bxf6 gxf6 7. f4 Nc6 8. Bg2 f5 9. O-O Bg7 10. c3 O-O 11. Na3 d5 12. Nc2 e6 13. Ne1 a5 14. Rb1 a4 15. bxa4 Qc7 16. Nf3 Ra7 17. Qb3 Rb8 18. Rfc1 c4 19. Qc2 Rba8 20. Rb2 Rxa4 21. Rcb1 R4a6 22. Bf1 Ne7 23. d3 Ra3 24. Rxb6 Rxc3 25. Qd1 cxd3 26. a4 Bf6 27. Bxd3 Kg7 28. R6b4 Rc8 29. Kg2 Qc5 30. Rb7 Qa3 31. Be2 Rc2 32. Ra7 Ra2 33. Rb3 Qc5 34. Rbb7 Qa3 35. Qd3 Rc3 36. Qb5 Rxf3 37. Bxf3 Bd4 38. Rxe7 Rxf2+ 39. Kh3 Qxf3 40. Rxf7+ Kg6 41. Rg7+ Bxg7 42. Qe8+ Kh6 43. Qxe6+ Kh5 44. Qxf5+ Kh6 45. Qg5# 1-0


[Site "https://www.chess.com"]

[Event "Titled Tuesday Blitz April 12 Early 2022"]
[White "Namitbir Singh Walia"]
[Black "Bachmann, Axel"]
[WhiteFideId "35071068"]
[BlackFideId "3700488"]
[WhiteElo "1565"]
[BlackElo "2587"]
[Result "1-0"]
[Round "10"]
[TimeControl "180+1"]
[Date "2022.04.13"]
[WhiteClock "0:00:17"]
[BlackClock "0:00:01"]

1. e4 c5 2. Nf3 d6 3. d4 cxd4 4. Nxd4 Nf6 5. f3 e5 6. Nb3 d5 7. Bg5 d4 8. Bb5+ Nc6 9. c3 h6 10. Bh4 Qb6 11. Qe2 Be7 12. cxd4 O-O 13. Bxc6 bxc6 14. Bf2 Bb4+ 15. N1d2 Ba6 16. dxe5 Qb7 17. Qe3 Nd7 18. f4 Rad8 19. O-O-O Nxe5 20. fxe5 Rd3 21. Qxa7 Qc8 22. Nf3 Rfd8 23. Nfd4 c5 24. Nf5 Rxd1+ 25. Rxd1 Rxd1+ 26. Kxd1 Qd8+ 27. Nd6 Bc4 28. Bxc5 Qg5 29. Bxb4 Qxg2 30. Nxc4 Qf1+ 31. Be1 Qxc4 32. Qe3 Qa4 33. a3 Kh7 34. Ke2 Qb5+ 35. Qd3 Qxe5 36. Bg3 Qxb2+ 37. Nd2 Qb7 38. e5+ g6 39. Qf3 Qb5+ 40. Kf2 1-0


[Site "https://www.chess.com"]

[Event "Titled Tuesday Blitz April 12 Early 2022"]
[White "Narayanan, Srinath"]
[Black "Tan, Jun Ying"]
[WhiteFideId "5018420"]
[BlackFideId "5710413"]
[WhiteElo "2472"]
[BlackElo "1827"]
[Result "1-0"]
[Round "10"]
[TimeControl "180+1"]
[Date "2022.04.12"]
[WhiteClock "0:00:09"]
[BlackClock "0:00:08"]

1. Nf3 c5 2. c4 Nf6 3. Nc3 e6 4. g3 b6 5. Bg2 Bb7 6. O-O Be7 7. d4 cxd4 8. Qxd4 d6 9. Rd1 O-O 10. b3 a6 11. Ba3 Ne8 12. Rac1 Nd7 13. Ne4 Nc5 14. Ned2 Qc7 15. e4 Nf6 16. Re1 Rad8 17. Bb2 Rfe8 18. h3 Bf8 19. Nh2 Qb8 20. Ng4 Nxg4 21. hxg4 b5 22. Qe3 bxc4 23. Rxc4 Nd7 24. Rec1 Rc8 25. Qd3 Ne5 26. Rxc8 Nxd3 27. Rxb8 Rxb8 28. Rc2 Nxb2 29. Rxb2 Rc8 30. Nc4 Bxe4 31. Bxe4 d5 32. Bd3 dxc4 33. Bxc4 a5 34. Rd2 Bb4 35. Rd7 Kf8 36. f4 Ke8 37. Rb7 Rd8 38. f5 exf5 39. Bxf7+ Kf8 40. gxf5 Rd1+ 41. Kg2 Rd2+ 42. Kf3 Rxa2 43. Be6 Rd2 44. Rf7+ Ke8 45. Rxg7 h5 46. Rh7 Bc5 47. Rxh5 Ke7 48. Ke4 Rd4+ 49. Ke5 Rg4 50. f6+ Ke8 51. Bxg4 Bb4 52. Ke6 Bf8 53. Rh8 a4 54. f7+ Kd8 55. Rxf8+ Kc7 56. bxa4 Kb6 57. Re8 Ka5 58. f8=Q Kxa4 59. Rb8 Ka5 60. Qa3# 1-0


[Site "https://www.chess.com"]

[Event "Titled Tuesday Blitz April 12 Early 2022"]
[White "Nguyen Hong Nhung"]
[Black "Mirzoev, Azer"]
[WhiteFideId "12412201"]
[BlackFideId "13400304"]
[WhiteElo "1758"]
[BlackElo "2525"]
[Result "0-1"]
[Round "10"]
[TimeControl "180+1"]
[Date "2022.04.13"]
[WhiteClock "0:00:08"]
[BlackClock "0:00:30"]

1. e4 c5 2. Nc3 e6 3. f4 d5 4. Bb5+ Bd7 5. Bxd7+ Qxd7 6. Nf3 dxe4 7. Nxe4 Nc6 8. d3 Nh6 9. Bd2 Nf5 10. O-O Be7 11. Qe1 O-O 12. Bc3 Nfd4 13. Rc1 Rae8 14. Kh1 f5 15. Ned2 b5 16. Bxd4 cxd4 17. Ne5 Nxe5 18. Qxe5 Bf6 19. Qe2 Qd5 20. a3 Rc8 21. Nf3 Rc6 22. Rfe1 Rfc8 23. Qd2 h6 24. Re2 Kh7 25. Qa5 a6 26. h3 Qd6 27. Qd2 R8c7 28. Ne5 Rc5 29. Qe1 Bxe5 30. fxe5 Qd5 31. Qh4 Qa2 32. Qxd4 Rd5 33. Qb4 Rxd3 34. Ree1 Rdd7 35. Ra1 Qd5 36. Re2 Rc4 37. Qa5 Qc6 38. c3 Rd3 39. Rae1 Rxh3+ 40. Kg1 Rh5 41. Qd8 Qc5+ 42. Re3 Rch4 43. Kf1 Qc4+ 44. R1e2 Rh1+ 45. Kf2 R5h4 46. Rf3 Qc5+ 47. Rfe3 f4 48. Kf3 fxe3 49. Rxe3 Rh5 50. Qe8 Rf5+ 51. Ke2 Qc4+ 52. Kd2 Rf2+ 53. Re2 Qxe2# 0-1


[Site "https://www.chess.com"]

[Event "Titled Tuesday Blitz April 12 Early 2022"]
[White "Obolenskikh, Dmitry"]
[Black "Kozak, Antoni"]
[WhiteFideId "4156013"]
[BlackFideId "21832030"]
[WhiteElo "2512"]
[BlackElo "2236"]
[Result "1-0"]
[Round "10"]
[TimeControl "180+1"]
[Date "2022.04.12"]
[WhiteClock "0:00:35"]
[BlackClock "0:00:04"]

1. Nf3 d5 2. e3 Nf6 3. c4 c6 4. Nc3 a6 5. b3 Bg4 6. Bb2 e6 7. h3 Bh5 8. d4 Nbd7 9. Bd3 Bd6 10. O-O O-O 11. Rc1 Qe7 12. Re1 e5 13. dxe5 Nxe5 14. Be2 Bxf3 15. Bxf3 dxc4 16. Be2 cxb3 17. Qxb3 Rad8 18. e4 Ng6 19. Bf1 h5 20. Qc2 h4 21. Nd1 Be5 22. Bxe5 Qxe5 23. Nb2 Nf4 24. Nc4 Qg5 25. Kh1 Rfe8 26. a4 Re7 27. a5 Rde8 28. Nd6 Rd8 29. Nc4 Rd4 30. Rcd1 Rxd1 31. Rxd1 Rxe4 32. Rd8+ Re8 33. Rxe8+ Nxe8 34. Qe4 Nf6 35. Qe7 g6 36. Nd6 Qd5 37. Qxf6 Nxh3 38. Bc4 Nxf2+ 39. Qxf2 Qd1+ 40. Qf1 Qxf1+ 41. Bxf1 f5 42. Nxb7 Kf7 43. Bxa6 Ke6 44. Bc4+ Kd7 45. a6 Kc7 46. Nc5 g5 47. a7 1-0


[Site "https://www.chess.com"]

[Event "Titled Tuesday Blitz April 12 Early 2022"]
[White "Odegov, Artem"]
[Black "Blokhin, Sofia"]
[WhiteFideId "34183644"]
[BlackFideId "4508190"]
[WhiteElo "2286"]
[BlackElo "1764"]
[Result "1-0"]
[Round "10"]
[TimeControl "180+1"]
[Date "2022.04.13"]
[WhiteClock "0:01:19"]
[BlackClock "0:00:26"]

1. d4 f5 2. h3 e6 3. g4 fxg4 4. hxg4 Nf6 5. Qd3 d5 6. Nf3 Ne4 7. Bf4 Nc6 8. c3 Bd7 9. Nbd2 Nxd2 10. Nxd2 Qf6 11. e3 O-O-O 12. O-O-O g5 13. Bg3 h6 14. e4 Qg7 15. Bg2 Be8 16. exd5 exd5 17. Rhe1 Bg6 18. Qb5 a6 19. Qb3 Na5 20. Qa4 Nc6 21. Re6 Qh7 22. Rxc6 bxc6 23. Qxa6+ Kd7 24. Qb7 Bd6 25. Bxd6 Kxd6 26. Qb4+ Kd7 27. Nb3 Rb8 28. Nc5+ Kc8 29. Qa4 h5 30. Qxc6 Re8 31. gxh5 Bxh5 32. Bh3+ g4 33. Bxg4+ Bxg4 34. Qxe8# 1-0


[Site "https://www.chess.com"]

[Event "Titled Tuesday Blitz April 12 Early 2022"]
[White "Oganian, Miran"]
[Black "Goryachkina, Aleksandra"]
[WhiteFideId "4122488"]
[BlackFideId "4147103"]
[WhiteElo "2357"]
[BlackElo "2426"]
[Result "1-0"]
[Round "10"]
[TimeControl "180+1"]
[Date "2022.04.12"]
[WhiteClock "0:01:37"]
[BlackClock "0:00:01"]

1. e4 e6 2. d4 d5 3. Nc3 Bb4 4. Ne2 dxe4 5. a3 Bxc3+ 6. Nxc3 Nc6 7. Bb5 Nf6 8. Bg5 h6 9. Bxf6 Qxf6 10. Nxe4 Qf4 11. Qd3 O-O 12. Bxc6 bxc6 13. O-O Ba6 14. Qxa6 Qxe4 15. c3 Rfb8 16. b4 Rb5 17. Rfe1 Qd5 18. a4 Rb6 19. Qd3 Rd8 20. a5 Rbb8 21. Qg3 Qd6 22. Re5 Rb5 23. Rae1 Rdb8 24. h3 Rxe5 25. Rxe5 Qd7 26. Qf3 Rb5 27. Rxb5 cxb5 28. Qa8+ Kh7 29. Qxa7 Qc6 30. Qc5 Qe4 31. a6 Qe1+ 32. Kh2 Qxf2 33. Qxc7 Qa2 34. a7 e5 35. dxe5 Qa1 36. e6 fxe6 37. Qb8 1-0


[Site "https://www.chess.com"]

[Event "Titled Tuesday Blitz April 12 Early 2022"]
[White "Onslow, Alfie"]
[Black "Gharibyan, Mamikon"]
[WhiteFideId "436976"]
[BlackFideId "13308300"]
[WhiteElo "1884"]
[BlackElo "2254"]
[Result "0-1"]
[Round "10"]
[TimeControl "180+1"]
[Date "2022.04.13"]
[WhiteClock "0:01:00"]
[BlackClock "0:01:39"]

1. Nf3 g6 2. c4 Bg7 3. g3 e5 4. d3 Nc6 5. Bg2 Nge7 6. Nc3 O-O 7. O-O d6 8. Rb1 a5 9. Ne1 f5 10. Nc2 f4 11. b4 axb4 12. Nxb4 Nd4 13. Ncd5 Nxd5 14. Bxd5+ Kh8 15. e3 Ne6 16. Bxe6 Bxe6 17. exf4 exf4 18. Bxf4 Qd7 19. Nd5 b6 20. Re1 Rxa2 21. Nxc7 Bg4 22. f3 Bh3 23. Nd5 Bg2 24. Re7 Qxe7 25. Nxe7 Bd4+ 0-1


[Site "https://www.chess.com"]

[Event "Titled Tuesday Blitz April 12 Early 2022"]
[White "Pajeken, Jakob Leon"]
[Black "Jakubowska, Anna"]
[WhiteFideId "12942839"]
[BlackFideId "1121952"]
[WhiteElo "2351"]
[BlackElo "1924"]
[Result "1-0"]
[Round "10"]
[TimeControl "180+1"]
[Date "2022.04.13"]
[WhiteClock "0:01:14"]
[BlackClock "0:00:32"]

1. d4 d5 2. Nf3 Nf6 3. c4 c6 4. e3 e6 5. Nbd2 Bd6 6. b3 O-O 7. Bb2 Nbd7 8. Bd3 Qe7 9. Ne5 c5 10. O-O b6 11. f4 Bb7 12. Qe1 Ne4 13. Rd1 f5 14. Ndf3 Bxe5 15. dxe5 Rac8 16. cxd5 exd5 17. Nd2 Nxd2 18. Rxd2 c4 19. bxc4 dxc4 20. Be2 c3 21. Bxc3 Rxc3 22. Rxd7 Qc5 23. Rxb7 Rc8 24. Qg3 g6 25. Kh1 Rxe3 26. Qg5 Rxe2 27. Qf6 Qf8 28. Qe6+ Kh8 29. Qd7 Qg8 30. Qe7 Rf8 31. Rxa7 Rc2 32. e6 Rc6 33. Re1 h5 34. Qd7 Rfc8 35. Qd4+ 1-0


[Site "https://www.chess.com"]

[Event "Titled Tuesday Blitz April 12 Early 2022"]
[White "Pakleza, Zbigniew"]
[Black "Vokhidov, Shamsiddin"]
[WhiteFideId "1119290"]
[BlackFideId "14204223"]
[WhiteElo "2467"]
[BlackElo "2611"]
[Result "0-1"]
[Round "10"]
[TimeControl "180+1"]
[Date "2022.04.12"]
[WhiteClock "0:00:03"]
[BlackClock "0:01:04"]

1. Nf3 d5 2. c4 d4 3. e3 Nc6 4. b4 dxe3 5. fxe3 Nxb4 6. Nc3 c5 7. d4 Nf6 8. Be2 g6 9. O-O Bg7 10. a3 Nc6 11. d5 Na5 12. Bb2 O-O 13. h3 b6 14. Rc1 Ba6 15. Nd2 e6 16. e4 Nd7 17. Qc2 Ne5 18. Nd1 exd5 19. exd5 Qg5 20. Nf2 Rae8 21. Rce1 f5 22. Kh1 Qg3 23. Bc3 Nexc4 24. Nxc4 Bxc3 25. Nxa5 Bxe1 26. Bxa6 Bxf2 27. Nc6 Bd4 28. Nxd4 cxd4 29. Qc7 Qxc7 0-1


[Site "https://www.chess.com"]

[Event "Titled Tuesday Blitz April 12 Early 2022"]
[White "Papadiamandis, Elliot"]
[Black "Yurovskykh, Oleksandr"]
[WhiteFideId "36074160"]
[BlackFideId "14134020"]
[WhiteElo "2088"]
[BlackElo "2292"]
[Result "1-0"]
[Round "10"]
[TimeControl "180+1"]
[Date "2022.04.12"]
[WhiteClock "0:00:28"]
[BlackClock "0:00:02"]

1. e4 d5 2. exd5 Qxd5 3. Nc3 Qd8 4. d4 Nf6 5. Nf3 Bg4 6. Be2 e6 7. O-O c6 8. Be3 Nbd7 9. h3 Bh5 10. Ne5 Bxe2 11. Qxe2 Be7 12. Rad1 O-O 13. f4 Nb6 14. f5 exf5 15. Rxf5 Nbd5 16. Nxd5 Nxd5 17. Rdf1 f6 18. Nd3 Nxe3 19. Qxe3 Qd7 20. c3 Bd6 21. Qf3 Rae8 22. h4 Re7 23. h5 h6 24. Nc5 Bxc5 25. Rxc5 Rfe8 26. Rf2 Re1+ 27. Kh2 Qd6+ 28. g3 R1e3 29. Qg4 Qe6 30. Rcf5 Re2 31. Qf3 Rxf2+ 32. Qxf2 Qxa2 33. Rf4 Qc4 34. Qg2 Qb5 35. g4 Qg5 36. Qf2 a6 37. Kg3 Qd5 38. Qf3 Qb5 39. b4 Qc4 40. Rf5 Qa2 41. d5 cxd5 42. Qxd5+ Qxd5 43. Rxd5 Re3+ 44. Kf4 Rxc3 45. Rd8+ Kh7 46. Rd4 b6 47. Kf5 a5 48. bxa5 bxa5 49. Rd5 a4 50. Ra5 Rc4 51. Ra8 Rb4 52. Ra5 Kg8 53. Ra7 Rb5+ 54. Kf4 Rb4+ 55. Kf5 Kh7 56. Ra8 Rb5+ 57. Kf4 Rg5 58. Rxa4 f5 59. gxf5 Rxh5 60. Ra7 Rh2 61. Kg3 1-0


[Site "https://www.chess.com"]

[Event "Titled Tuesday Blitz April 12 Early 2022"]
[White "Papp, Levente"]
[Black "Jaskolka, Tomasz"]
[WhiteFideId "751243"]
[BlackFideId "1170791"]
[WhiteElo "2308"]
[BlackElo "2073"]
[Result "1-0"]
[Round "10"]
[TimeControl "180+1"]
[Date "2022.04.13"]
[WhiteClock "0:00:19"]
[BlackClock "0:00:03"]

1. c4 e6 2. e4 d5 3. exd5 exd5 4. d4 Nf6 5. Nc3 Be7 6. Nf3 O-O 7. cxd5 Nxd5 8. Bc4 Bb4 9. O-O Nxc3 10. bxc3 Bxc3 11. Rb1 Ba5 12. Ng5 h6 13. Nxf7 Rxf7 14. Bxf7+ Kxf7 15. Qh5+ Kg8 16. Qxa5 Nc6 17. Qh5 Qxd4 18. Bb2 Qd8 19. Rbd1 Qf8 20. Qb5 a6 21. Qb3+ Kh8 22. Rfe1 b6 23. Qc3 Bb7 24. Re6 Rd8 25. Rxh6+ Kg8 26. Re1 Nd4 27. Rg6 Qf5 28. Qxc7 Ne2+ 29. Kh1 Qxg6 30. Qxd8+ Kh7 31. Qh4+ Kg8 32. Qc4+ Kh7 33. f3 Nf4 34. Qxf4 Kg8 35. h3 Kh7 36. Re7 Qc2 37. Rxg7+ Kh8 38. Qf8# 1-0


[Site "https://www.chess.com"]